 Dungeon Crawl Stone Soup version 0.28.0-53-g5a82cb258f (webtiles) character file.

Game seed: 699803563778522662

29285 issech the Severer (level 13, -15/88 (104) HPs)
             Began as a Minotaur Monk on June 8, 2022.
             Was a High Priest of Hepliaklqana.
             Killed from afar by a shadow dragon (53 damage)
             ... with a bolt of negative energy
             ... on level 13 of the Dungeon on June 9, 2022.
             The game lasted 00:59:54 (14272 turns).

issech the Severer (Minotaur Monk)                 Turns: 14272, Time: 00:59:54

HP:   -15/88 (104)  AC: 20    Str: 16    XL:     13   Next: 14%
MP:   12/12         EV:  6    Int:  7    God:    Hepliaklqana [*****.]
Gold: 493           SH: 25    Dex: 24    Spells: 12/12 levels left

rFire   . . .      SeeInvis +   D - +14 obsidian axe {vorpal, Mesm Drain Fly SInv}
rCold   . . .      Faith    .   V - +1 tower shield
rNeg    . . .      Spirit   .   a - +0 plate armour
rPois   .          Reflect  +   (helmet restricted)
rElec   .          Harm     .   I - +0 cloak
rCorr   .          Rampage  .   P - +2 pair of gloves {hurl}
Will    +....                   (no boots)
Stlth   ..........              K - amulet of reflection
HPRegen 0.24/turn               n - +6 ring of dexterity
MPRegen 0.13/turn               q - ring of willpower

@: flying, mesmerised, heavily drained
A: reduced essence, horns 2, retaliatory headbutt
a: Renounce Religion, Recall Ancestor, Ancestor Identity, Transference, Idealise


You were on level 13 of the Dungeon.
You worshipped Hepliaklqana.
Hepliaklqana was extremely pleased with you.
You visited 2 branches of the dungeon, and saw 14 of its levels.
You also visited: Ossuary.

You collected 793 gold pieces.
You spent 300 gold pieces at shops.

Inventory:

Hand Weapons
 b - a +0 vorpal shortbow
 k - a +0 broad axe
 D - the +14 obsidian axe (weapon) {vorpal, Mesm Drain Fly SInv}
   (You acquired it on level 7 of the Dungeon)

   It inflicts extra damage upon your enemies.
   It occasionally summons demons to assist the wielder when it strikes in
   combat.
   Its wielder is mesmerised by any visible foes.
   It cannot be unequipped while any foes are visible.
   SInv:      It lets you see invisible.
   Fly:       It grants you flight.
   Drain:     It drains your maximum health when unequipped.
 G - the +7 falchion of Ignis's Respect {protect, rF+ Str+3}
   (You found it on level 13 of the Dungeon)

   It grants its wielder temporary protection when it strikes (+7 to AC).
   Str:       It affects your strength (+3).
   rF:        It protects you from fire.
 J - a +6 trident
 N - a +3 fustibalus of chaos
 S - a +0 hand crossbow
Missiles
 d - 9 curare-tipped darts
 g - 157 bolts
 i - 2 boomerangs of dispersal
 j - 190 arrows
 l - 223 stones
 s - 18 poisoned darts
 u - 20 boomerangs (quivered)
 O - a silver boomerang
 R - 2 throwing nets
 U - 39 sling bullets
 Y - 8 javelins
Armour
 a - a +0 plate armour (worn)
 C - +2 acid dragon scales
 I - a +0 cloak (worn)
 P - a +2 pair of gloves of hurling (worn)
 V - a +1 tower shield (worn)
Jewellery
 h - a ring of protection from cold
 n - a +6 ring of dexterity (left hand)
 q - a ring of willpower (right hand)
 t - a +6 ring of intelligence
 v - a ring of wizardry
 E - a ring of resist corrosion
 H - a ring of magical power
 K - an amulet of reflection (around neck)
 Q - a ring of fire
Wands
 A - a wand of flame (20)
 L - a wand of mindburst (29)
 W - a wand of digging (8)
 X - a wand of paralysis (15)
Scrolls
 c - 3 scrolls of enchant armour
 f - 3 scrolls of magic mapping
 r - 4 scrolls of teleportation
 w - a scroll of enchant weapon
 B - a scroll of fear
 M - a scroll of silence
 T - 3 scrolls of blinking
Potions
 e - 3 potions of cancellation
 m - 3 potions of invisibility
 o - 2 potions of curing
 p - 4 potions of mutation {unknown}
 x - 4 potions of magic {unknown}
 y - a potion of heal wounds
 Z - a potion of brilliance
Miscellaneous
 z - a piece from Xom's chessboard (15/15)
 F - a box of beasts


   Skills:
 + Level 11.6 Fighting
 + Level 16.3 Axes
 + Level 5.4 Throwing
 + Level 11.5 Armour
 + Level 5.0 Dodging
 + Level 4.5 Stealth
 + Level 11.1 Shields


You had 12 spell levels left.
You didn't know any spells.
Your spell library contained the following spells:

 Spells                   Type           Power      Damage    Failure   Level
 Static Discharge         Conj/Air       0%         N/A       100%        2
 Inner Flame              Hex/Fire       0%         N/A       100%        3
 Ozocubu's Armour         Ice            0%         N/A       100%        3
 Tukima's Dance           Hex            0%         N/A       100%        3
 Anguish                  Hex/Necr       0%         N/A       100%        4
 Animate Dead             Necr           0%         N/A       100%        4
 Cause Fear               Hex            0%         N/A       100%        4
 Dispel Undead            Necr           0%         3d6       100%        4
 Sticky Flame             Conj/Fire      0%         2d3       100%        4
 Lightning Bolt           Conj/Air       0%         1d11      100%        5
 Enfeeble                 Hex            0%         N/A       100%        7
 Haunt                    Necr/Summ      0%         N/A       100%        7
 Ozocubu's Refrigeration  Ice            0%         4d5       100%        7
 Discord                  Hex            0%         N/A       100%        8
 Infestation              Necr           0%         N/A       100%        8
 Maxwell's Capacitive Co  Air            0%         ∞         100%        8


Dungeon Overview and Level Annotations

Branches:
Dungeon (13/15)            Temple (1/1) D:4            Lair (0/6) D:11
    Orc (0/2) D:10        Ossuary (visited)
 Vaults: D:13-14

Altars:
Ashenzari
Cheibriados
Dithmenos
Elyvilon
Fedhas
Gozag
Hepliaklqana
Kikubaaqudgha
Makhleb
Nemelex Xobeh
Okawaru
Qazlal
Ru
Sif Muna
Trog
Uskayaw
Vehumet
Wu Jian
Xom
Yredelemnul
Zin
The Shining One

Shops:
D:1 (   D:3 *   D:4 :   D:10 =


Innate Abilities, Weirdness & Mutations

Your life essence is reduced to manifest your ancestor. (-10% HP)
You have a pair of horns on your head.
You reflexively headbutt those who attack you in melee.


Message History

Your red devil hits the shadow dragon but does no damage.
The shadow dragon bites you but does no damage.
The shadow dragon claws you!
The shadow dragon claws you but does no damage.
Your red devil hits the shadow dragon with a +0 trident.
The shadow dragon is skewered by barbed spikes.
The shadow dragon misses your red devil.
The shadow dragon claws your red devil!
The shadow dragon completely misses your red devil.
Your red devil barely misses the shadow dragon.
The shadow dragon bites you but does no damage.
The shadow dragon claws you but does no damage. x2
Your red devil completely misses the shadow dragon.
The shadow dragon bites you but does no damage.
The shadow dragon claws you but does no damage. x2
Mirko casts a spell at the shadow dragon.
The stone arrow hits the shadow dragon!!
Your red devil hits the shadow dragon but does no damage.
You turn to flesh and can move again.
You slash the shadow dragon!
You headbutt the shadow dragon, but do no damage.
The shadow dragon is heavily wounded.
The shadow dragon breathes negative energy at you.
The bolt of negative energy hits you!!
You feel drained.
The bolt of negative energy misses Mirko.
Your red devil hits the shadow dragon with a +0 trident!
The shadow dragon is skewered by barbed spikes.
You slash the shadow dragon!
You headbutt the shadow dragon, but do no damage.
The shadow dragon is severely wounded.
The shadow dragon bites you but does no damage.
The shadow dragon claws you but does no damage. x2
Your red devil hits the shadow dragon with a +0 trident!
The shadow dragon is skewered by barbed spikes.
You hit the shadow dragon.
The shadow dragon is severely wounded.
The shadow dragon breathes negative energy at you.
The bolt of negative energy hits you!!!
You feel drained.
Ouch! That really hurt!
You die...

#.#
#.......###############.##
#.#
#.......#....[.......#...#
#.#
#.......####.........#...#
#.#
#.......#..###.......#...#
#.#
#.......#....##.....##...#
#.# #... #.....#..... #.#
#†4####....##..... #.#
#D##..R..###...... #)#
#... #@#...####........
#.# #..#
#R#.....'......#.. #.#
#..# #.#.....#.........
#.# #..#
#.##...##'##.....) #.#
#..# #..#####...##.....
#.#####..#
#.....#.....#.....
#........#
#.....'.....#..#..
#........#
#.....#.....#.....
#..#####.#
#..#####...##.....


You could see the friendly Mirko the battlemage, a shadow dragon (mesmerising,
catching breath, skewered, ally target) and a friendly red devil (summoned).

Vanquished Creatures
  Snorg (D:11)
  A fire dragon (D:11)
  A boulder beetle (D:11)
  2 hydras (D:11)
  Erica (D:11)
  2 centaur warriors (D:13)
  A two-headed ogre (D:11)
  A flayed ghost (D:13)
  A phantasmal warrior (D:13)
  A wizard (D:13)
  An orc knight (D:13)
  3 manticores
  A cyclops (D:13)
  Maggie (D:7)
  3 yaktaurs
  2 tengu conjurers
  A slime creature (D:12)
  A shadow (D:11)
  Sigmund (D:2)
  Eustachio (D:4)
  13 yaks
  2 vampires
  2 vampire mosquitoes
  2 steam dragons
  4 acid dragons
  A warg (D:10)
  2 sky beasts
  An orc warrior (D:10)
  A black bear (D:6)
  4 centaurs
  An ogre (D:7)
  A phantom (D:6)
  2 elf zombies (Ossuary)
  A gnoll sergeant (D:10)
  A bullfrog (D:7)
  7 wights
  2 howler monkeys
  2 bullfrog zombies
  3 orc priests
  2 centaur zombies
  A jelly (D:6)
  A hound (D:7)
  A human zombie (Ossuary)
  A centaur skeleton (D:4)
  Jessica (D:2)
  An iguana (D:6)
  7 orc wizards
  A mummy (Ossuary)
  A howler monkey zombie (D:8)
  5 gnolls
  4 adders
  A white imp (D:7)
  2 adder zombies
  2 worms
  3 dart slugs
  33 orcs
  6 endoplasms
  2 giant cockroaches
  5 hobgoblins
  4 jackals
  3 ball pythons (D:3)
  7 bats
  2 frilled lizards
  6 goblins
  3 hobgoblin zombies (Ossuary)
  8 kobolds
  4 kobold zombies (Ossuary)
  7 orc zombies (Ossuary)
  4 rats
  A rat zombie (Ossuary)
  14 toadstools (D:1)
222 creatures vanquished.

Vanquished Creatures (collateral kills)
  A sphinx (D:13)
  A tengu reaver (D:13)
  The ghost of zepal the Protected, a journeyman TrHu of Okawaru (D:11)
  Fannar (D:12)
  A boulder beetle (D:13)
  A catoblepas (D:13)
  A hydra (D:13)
  A centaur warrior (D:13)
  A two-headed ogre (D:12)
  Nergalle (D:11)
  Pikel (D:4)
  A cyclops (D:11)
  A freezing wraith (D:12)
  2 trolls
  2 slime creatures (D:12)
  A shadow (D:11)
  A wraith (D:13)
  3 yaks
  A redback (D:13)
  2 vampire mosquitoes
  3 orc warriors
  An ice beast (D:5)
  A necrophage (D:5)
  A kobold brigand (D:7)
  2 phantoms
  A bullfrog (D:7)
  3 scorpions
  6 wights
  4 howler monkeys
  A human zombie (Ossuary)
  2 hounds
  3 centaur zombies
  4 orc priests
  Crazy Yiuf (D:4)
  3 iguanas
  5 orc wizards
  A hound skeleton (D:5)
  A mummy (Ossuary)
  A howler monkey zombie (D:7)
  An adder (D:6)
  6 gnolls
  A worm (D:4)
  11 orcs
  A giant cockroach (D:4)
  A goblin (D:10)
  A hobgoblin (D:4)
  6 hobgoblin zombies (Ossuary)
  2 jackal zombies (Ossuary)
  4 kobolds
  5 kobold zombies (Ossuary)
  4 orc zombies (Ossuary)
112 creatures vanquished.

Vanquished Creatures (others)
  Sonja (D:10)
  4 battlemagi
5 creatures vanquished.

Grand Total: 339 creatures vanquished

Notes
Turn   | Place    | Note
-------+----------+-------------------------------------------
     0 | D:1      | issech the Minotaur Monk began the quest for the Orb.
     0 | D:1      | Reached XP level 1. HP: 19/19 MP: 0/0
   234 | D:1      | Found Curchanum's Weapon Boutique.
   284 | D:1      | Reached skill level 4 in Axes
   306 | D:1      | Reached XP level 2. HP: 23/27 MP: 1/1
   446 | D:1      | Found a faded altar of an unknown god.
  1003 | D:2      | Reached XP level 3. HP: 32/33 MP: 2/2
  1037 | D:2      | Noticed Jessica
  1043 | D:2      | Killed Jessica
  1044 | D:2      | Reached skill level 1 in Armour
  1155 | D:2      | Found a sparkling altar of Nemelex Xobeh.
  1253 | D:2      | Noticed Sigmund
  1278 | D:2      | Killed Sigmund
  1279 | D:2      | Reached skill level 5 in Axes
  1279 | D:2      | Reached XP level 4. HP: 16/41 MP: 3/3
  1279 | D:2      | Reached XP level 5. HP: 19/47 MP: 4/4
  1750 | D:3      | Reached skill level 5 in Fighting
  1752 | D:3      | Reached skill level 1 in Throwing
  2214 | D:3      | Reached XP level 6. HP: 49/56 MP: 5/5
  2366 | D:3      | Found Yjodelo's Assorted Antiques.
  2715 | D:4      | Noticed Eustachio
  2763 | D:4      | Killed Eustachio
  2764 | D:4      | Reached skill level 6 in Axes
  2910 | D:4      | Found a staircase to the Ecumenical Temple.
  2923 | Temple   | Entered the Ecumenical Temple
  2945 | Temple   | Became a worshipper of Hepliaklqana the Forgotten
  2945 | Temple   | Reached * piety under Hepliaklqana
  2945 | Temple   | Reached ** piety under Hepliaklqana
  2946 | Temple   | Remembered your ancestor Mirko as a battlemage
  3125 | D:4      | Found Duruocu's Book Shoppe.
  3132 | D:4      | Identified the +3 chain mail "Emirihev" {rElec rF- Will++
                  | Stlth+}
  3208 | D:4      | Noticed Pikel
  3218 | D:4      | Killed Pikel
  3219 | D:4      | Reached skill level 8 in Axes
  3219 | D:4      | Reached XP level 7. HP: 46/56 MP: 6/6
  3559 | D:4      | Found a runed translucent door.
  3560 | D:4      | Noticed Crazy Yiuf
  4227 | D:4      | Killed Crazy Yiuf
  4228 | D:4      | Reached skill level 5 in Armour
  4328 | D:5      | Entered Level 5 of the Dungeon
  4399 | D:5      | Reached XP level 8. HP: 62/63 MP: 7/7
  4503 | D:5      | Reached skill level 9 in Axes
  5372 | D:6      | Reached skill level 1 in Shields
  5459 | D:6      | Reached XP level 9. HP: 71/71 MP: 8/8
  5538 | D:6      | Reached *** piety under Hepliaklqana
  5680 | D:6      | Reached skill level 10 in Axes
  5826 | D:7      | Noticed Maggie
  5841 | D:7      | Killed Maggie
  5913 | D:7      | Found a sand-covered staircase.
  5918 | Ossuary  | Entered an ossuary
  6295 | D:7      | Found a snail-covered altar of Cheibriados.
  6532 | D:7      | HP: 3/70 [wight/+3 spear (4)]
  6880 | D:7      | Identified 2 scrolls of acquirement
  6880 | D:7      | Acquired an amulet of reflection
  6891 | D:7      | Acquired the +14 obsidian axe {vorpal, Mesm Drain Fly SInv}
  6891 | D:7      | Found the +14 obsidian axe {vorpal, Mesm Drain Fly SInv}
  6982 | D:7      | Reached skill level 11 in Axes
  7798 | D:9      | Reached XP level 10. HP: 81/81 MP: 9/9
  7804 | D:9      | Reached skill level 5 in Shields
  7907 | D:9      | Reached **** piety under Hepliaklqana
  8513 | D:9      | Found a stormy altar of Qazlal.
  8513 | D:9      | Found an iron altar of Okawaru.
  8695 | D:9      | Found an ornate altar of the Wu Jian Council.
  8807 | D:10     | Entered Level 10 of the Dungeon
  8922 | D:10     | Reached skill level 12 in Axes
  8923 | D:10     | Found a staircase to the Orcish Mines.
  8935 | D:10     | Noticed Sonja
  8942 | D:10     | Killed Sonja
  8954 | D:10     | Reached ***** piety under Hepliaklqana
  9570 | D:10     | Found Qappis's Jewellery Emporium.
  9578 | D:10     | Bought a ring of willpower for 300 gold pieces
  9830 | D:10     | Found a radiant altar of Vehumet.
  9830 | D:10     | Found a hide-covered altar of Uskayaw.
  9913 | D:11     | Found a runed translucent door.
  9915 | D:11     | Noticed zepal's ghost (journeyman TrHu)
  9938 | D:11     | Found a staircase to the Lair.
  9977 | D:11     | Noticed Erica
  9990 | D:11     | Killed Erica
 10097 | D:11     | Noticed Snorg
 10105 | D:11     | Killed Snorg
 10106 | D:11     | Reached XP level 11. HP: 53/87 MP: 10/10
 10390 | D:11     | Killed zepal's ghost
 10391 | D:11     | Reached skill level 13 in Axes
 10513 | D:11     | Reached skill level 10 in Armour
 10553 | D:11     | Noticed Nergalle
 10559 | D:11     | Killed Nergalle
 10592 | D:11     | Noticed a boulder beetle
 10614 | D:11     | Killed a boulder beetle
 10630 | D:11     | Reached skill level 5 in Dodging
 10643 | D:11     | Reached skill level 14 in Axes
 10646 | D:11     | Noticed a five-headed hydra
 10652 | D:11     | Reached skill level 10 in Fighting
 10654 | D:11     | Killed an eight-headed hydra
 10714 | D:11     | Noticed a six-headed hydra
 10714 | D:11     | Noticed a fire dragon
 10715 | D:11     | Noticed a two-headed ogre
 10724 | D:11     | Killed a ten-headed hydra
 10728 | D:11     | Killed a fire dragon
 10731 | D:11     | Killed a two-headed ogre
 10735 | D:11     | Reached XP level 12. HP: 39/96 MP: 11/11
 11095 | D:12     | Noticed a two-headed ogre
 11100 | D:12     | Killed a two-headed ogre
 11116 | D:12     | Reached skill level 15 in Axes
 11610 | D:12     | Noticed Fannar
 11617 | D:12     | Killed Fannar
 12081 | D:13     | Reached skill level 10 in Shields
 12265 | D:13     | Noticed a centaur warrior
 12268 | D:13     | Killed a centaur warrior
 12273 | D:13     | Noticed a centaur warrior
 12277 | D:13     | Killed a centaur warrior
 12358 | D:13     | Noticed a sphinx
 12362 | D:13     | Noticed a tengu reaver
 12793 | D:13     | Reached skill level 16 in Axes
 13104 | D:13     | Noticed a centaur warrior
 13110 | D:13     | Killed a centaur warrior
 13318 | D:13     | Noticed a sphinx
 13327 | D:13     | Killed a sphinx
 13328 | D:13     | Reached skill level 5 in Throwing
 13329 | D:13     | Noticed a boulder beetle
 13340 | D:13     | Noticed a seven-headed hydra
 13348 | D:13     | Killed a boulder beetle
 13349 | D:13     | Reached XP level 13. HP: 80/104 MP: 12/12
 13427 | D:13     | Killed a tengu reaver
 13906 | D:13     | Identified the +7 falchion of Ignis's Respect {protect, rF+
                  | Str+3}
 14243 | D:13     | Noticed a shadow dragon
 14272 | D:13     | Killed from afar by a shadow dragon

Illustrated notes

Levels and vault maps discovered:
D:1:      nagdon_arrival_zigzag_paths, layout_basic, serial_shops, shop,
          shapermc_ecumenical_altar_mp_highgroup
D:2:      layout_rooms, basic_altar, minivault_11, uniq_sigmund, uniq_jessica
D:3:      layout_basic, serial_shops, shop
D:4:      layout_basic, minmay_temple_entry_mist, serial_shops,
          nicolae_shop_statue_plus, uniq_pikel, uniq_crazy_yiuf_cottage,
          uniq_eustachio
D:5:      layout_basic, st_stairs_9
D:6:      layout_basic
D:7:      layout_cave_pools, kennysheep_slug_shrine, enter_ossuary_5,
          kennysheep_generic_room_10, uniq_maggie
D:8:      layout_basic
D:9:      layout_long_grid, nicolae_overflow_hidden_temple
D:10:     layout_basic, amethyst_overflow_temple_binary, erik_orc_4,
          serial_shops, nicolae_square_shop, uniq_sonja
D:11:     minmay_chambers_of_sevens, layout_rooms, lair_entry_dummy,
          gammafunk_ghost_grave, uniq_snorg, uniq_erica, uniq_nergalle
D:12:     layout_loops_ring, uniq_fannar
D:13:     minmay_box_of_curves, layout_long_grid
Temple:   regret_index_temple_sphere_string

Skill      XL: |  1  2  3  4  5  6  7  8  9 10 11 12 13 |
---------------+----------------------------------------+-----
Axes           | 4 5 8 9 11 12 14 16 | 16.3
Fighting       | 4 5 6 7 8 9 10 11 | 11.6
Armour         | 2 3 4 5 7 8 9 10 11 | 11.5
Dodging        | 4 5 |  5.0
Throwing       | 1 3 5 |  5.4
Stealth        | 2 3 4 |  4.5
Shields        | 1 4 7 9 10 11 | 11.1

Action                   |  1- 3 |  4- 6 |  7- 9 | 10-12 | 13-15 || total
-------------------------+-------+-------+-------+-------+-------++-------
Melee: Hand axe          |    82 |    17 |       |       |       ||    99
       Headbutt          |    16 |    18 |    34 |    54 |     9 ||   131
       Punch             |     1 |     1 |     1 |       |       ||     3
       War axe           |       |    67 |   145 |       |       ||   212
       Broad axe         |       |       |    15 |   195 |    19 ||   229
Throw: Stone             |    13 |       |       |       |       ||    13
       Dart              |     2 |       |       |       |       ||     2
       Boomerang         |       |       |     1 |    55 |     6 ||    62
Invok: Ancestor Life: Ba |       |     1 |       |       |       ||     1
       Recall Ancestor   |       |       |       |     1 |       ||     1
  Use: Scroll            |       |       |     8 |    13 |     1 ||    22
       Potion            |       |       |     2 |     3 |     2 ||     7
 Stab: Distracted        |       |       |     6 |     7 |       ||    13
       Petrified         |       |       |       |       |     3 ||     3
       Petrifying        |       |       |       |       |     1 ||     1
Armor: Chain mail        |    44 |    48 |    35 |       |       ||   127
       Robe              |     1 |       |       |       |       ||     1
       Plate armour      |       |       |    73 |    72 |    19 ||   164
Dodge: Dodged            |    40 |    31 |    37 |    23 |       ||   131
Block: Tower shield      |       |       |    93 |   256 |    10 ||   359
       Reflection        |       |       |       |    27 |       ||    27
